|
||||||||||||||||||||||||||||||||||||||||||||||||||||||||||||||||||||||||||||||||||||||||||||||||||||||||||||||||||||||||||||||||||||||||||||||||||||||||||||||||||||||||||||||||||||||||||||||||||||||||||||||||||||||||||||||||||||||||||||||||||||||||||||||||||||||||||||||||||||||||||||||||||||||||||||||||||||||||||||||||
| ||||||||||||||||||||||||||||||||||||||||||||||||||||||||||||||||||||||||||||||||||||||||||||||||||||||||||||||||||||||||||||||||||||||||||||||||||||||||||||||||||||||||||||||||||||||||||||||||||||||||||||||||||||||||||||||||||||||||||||||||||||||||||||||||||||||||||||||||||||||||||||||||||||||||||||||||||||||||||||||||
Bottom of the 10th over - 0 runs, 0 hits, 1 error, 1 left on base; Florida State University 1 - Louisiana State University 1 |
TOP OF THE 11TH | |
---|---|
Florida State University Seminoles batting - Pitching for Louisiana State University Tigers : RHP Rogelio Rivera | |
Pitching: RHP Sal Ganzalez | |
Now at 2B: Mike Catalano | |
Now at 3B: Graham Beamish | |
Batting: LHB Brian Clayton |
0-0: Swinging Strike 0-1: Ball 1-1: Called Strike 1-2: Strikes out swinging |
Batting: RHB Randy Bartlett |
0-0: Ball 1-0: Foul Ball, location: 2F 1-1: Called Strike 1-2: Ball 2-2: Strikes out swinging |
Batting: RHB Tyan-yu Chen | 0-0: Fly out, F9 (Flyball, 89M, EV 83.1 MPH) |
Top of the 11th over - 0 runs, 0 hits, 0 errors, 0 left on base; Florida State University 1 - Louisiana State University 1 |
BOTTOM OF THE 11TH | |
---|---|
Louisiana State University Tigers batting - Pitching for Florida State University Seminoles : RHP Hildo Boelhouwer | |
Pitching: RHP Fraser Silk | |
Batting: RHB Elvin Ruffolo | 0-0: Ground out 3-1 (Groundball, 34, EV 101.9 MPH) |
Pinch Hitting: SHB Marshall Miller |
0-0: Called Strike 0-1: Ball 1-1: Called Strike 1-2: Ball 2-2: Ball 3-2: Base on Balls |
Batting: SHB Paul Blaylock |
0-0: Ball 1-0: Ball 2-0: Fielders Choice at 2nd, 5-4 (Groundball, 5D, EV 76.9 MPH) |
Batting: RHB Byung-hee Jee |
0-0: Ball 1-0: Called Strike 1-1: Swinging Strike 1-2: Strikes out swinging |
Bottom of the 11th over - 0 runs, 0 hits, 0 errors, 1 left on base; Florida State University 1 - Louisiana State University 1 |
TOP OF THE 12TH | |
---|---|
Florida State University Seminoles batting - Pitching for Louisiana State University Tigers : RHP Sal Ganzalez | |
Pitching: RHP Mike Moore | |
Now at 1B: Earl Silver | |
Batting: LHB John Doiron |
0-0: Called Strike 0-1: Called Strike 0-2: Ball 1-2: Ball 2-2: Strikes out swinging |
Batting: LHB Kuang-an Liu |
0-0: Ball 1-0: Ball 2-0: Swinging Strike 2-1: Ball 3-1: SINGLE (Groundball, 6D, EV 110.0 MPH) |
Batting: RHB Jorge Grijalva |
0-0: Called Strike 0-1: Swinging Strike 0-2: Foul Ball, location: 2F 0-2: Ball 1-2: Strikes out swinging |
Batting: LHB Matt Stewart |
0-0: Swinging Strike 0-1: Swinging Strike 0-2: Strikes out swinging |
Top of the 12th over - 0 runs, 1 hit, 0 errors, 1 left on base; Florida State University 1 - Louisiana State University 1 |
BOTTOM OF THE 12TH | |
---|---|
Louisiana State University Tigers batting - Pitching for Florida State University Seminoles : RHP Fraser Silk | |
Pitching: RHP Puck de Vries | |
Batting: LHB Todd Saunders |
0-0: Ball 1-0: Fly out, F5 (Line Drive, 56, EV 71.2 MPH) |
Batting: SHB Graham Beamish |
0-0: Ball 1-0: Called Strike 1-1: Swinging Strike 1-2: Foul Ball, location: 2F 1-2: Ball 2-2: Ball 3-2: Strikes out looking |
Batting: RHB Mike Catalano |
0-0: Ball 1-0: Called Strike 1-1: Swinging Strike 1-2: Foul Ball, location: 2F 1-2: Ball 2-2: Fly out, F8 (Flyball, 8RXD, EV 100.6 MPH) |
Bottom of the 12th over - 0 runs, 0 hits, 0 errors, 0 left on base; Florida State University 1 - Louisiana State University 1 |
TOP OF THE 13TH | |
---|---|
Florida State University Seminoles batting - Pitching for Louisiana State University Tigers : RHP Mike Moore | |
Pitching: LHP Logan Corrigan | |
Batting: RHB Tony Valdez |
0-0: Called Strike 0-1: Reached on error, E5 (Groundball, 56, EV 77.5 MPH) |
Batting: RHB J.R. Harvey |
0-0: Sac Bunt to 15 - play at first, batter OUT! 1-3 Tony Valdez to second |
Batting: LHB Brian Clayton |
0-0: Called Strike 0-1: Ball 1-1: Ground out 5-3 (Groundball, 5, EV 107.5 MPH) |
Batting: RHB Randy Bartlett | 0-0: Intentional Walk |
Batting: RHB Tyan-yu Chen |
0-0: Ball 1-0: Ball 2-0: Fielders Choice at 2nd, 6-4 (Groundball, 6, EV 111.2 MPH) |
Top of the 13th over - 0 runs, 0 hits, 1 error, 2 left on base; Florida State University 1 - Louisiana State University 1 |
BOTTOM OF THE 13TH | |
---|---|
Louisiana State University Tigers batting - Pitching for Florida State University Seminoles : RHP Puck de Vries | |
Pitching: RHP Marty Rees | |
Pinch Hitting: RHB Jamie McLean |
0-0: Ball 1-0: Called Strike 1-1: Swinging Strike 1-2: Strikes out looking |
Batting: RHB Matt Grant | 0-0: Fly out, F8 (Flyball, 8LM, EV 85.0 MPH) |
Batting: RHB Elvin Ruffolo |
0-0: Called Strike 0-1: Fly out, F8 (Flyball, 8RM, EV 96.9 MPH) |
Bottom of the 13th over - 0 runs, 0 hits, 0 errors, 0 left on base; Florida State University 1 - Louisiana State University 1 |
TOP OF THE 14TH | |
---|---|
Florida State University Seminoles batting - Pitching for Louisiana State University Tigers : LHP Logan Corrigan | |
Pitching: RHP Jeremy Kolb | |
Now in LF: Jamie McLean | |
Batting: LHB John Doiron |
0-0: Called Strike 0-1: SOLO HOME RUN (Flyball, 9D, EV 99.4 MPH), Distance : 372 ft |
Batting: LHB Kuang-an Liu |
0-0: Ball 1-0: Ball 2-0: Ball 3-0: Base on Balls |
Batting: RHB Jorge Grijalva |
0-0: Ball 1-0: Ball 2-0: Foul Ball, location: 2F 2-1: Ball 3-1: Fielders Choice at 2nd, 4-6 (Groundball, 4, EV 85.6 MPH) |
Batting: LHB Matt Stewart |
0-0: Ball 1-0: Swinging Strike 1-1: Foul Ball, location: 2F 1-2: Fielders Choice at 2nd, 6-4 (Groundball, 6, EV 78.1 MPH) |
Batting: RHB Tony Valdez |
0-0: Ball Matt Stewart steals 2nd, throwing error, E2 Matt Stewart to third 1-0: Called Strike 1-1: Ground out U3 (Groundball, 34, EV 89.4 MPH) |
Top of the 14th over - 1 run, 1 hit, 1 error, 1 left on base; Florida State University 2 - Louisiana State University 1 |
BOTTOM OF THE 14TH | |
---|---|
Louisiana State University Tigers batting - Pitching for Florida State University Seminoles : RHP Marty Rees | |
Pitching: RHP Jason Harper | |
Batting: LHB Earl Silver |
0-0: Called Strike 0-1: Called Strike 0-2: DOUBLE (Line Drive, 3D, EV 98.8 MPH) |
Batting: SHB Paul Blaylock |
0-0: Ball 1-0: Foul Ball, location: 2F 1-1: Foul Ball, location: 2F 1-2: DOUBLE (Line Drive, 3D, EV 99.4 MPH) Earl Silver scores |
Batting: RHB Byung-hee Jee |
0-0: Ball 1-0: Foul Ball, location: 2F 1-1: Ball 2-1: Swinging Strike 2-2: Ball 3-2: Strikes out looking |
Batting: LHB Todd Saunders | 0-0: Intentional Walk |
Batting: SHB Graham Beamish |
0-0: Ball 1-0: Called Strike 1-1: Bunted foul 1-2: Strikes out looking |
Batting: RHB Mike Catalano |
0-0: Called Strike 0-1: Ball 1-1: Ball 2-1: Ball 3-1: SINGLE (Groundball, 56, EV 103.8 MPH) (infield hit) Paul Blaylock to third Todd Saunders to second |
Batting: RHB Jamie McLean |
0-0: Ball 1-0: Foul Ball, location: 2F 1-1: Ball 2-1: Ball 3-1: Foul Ball, location: 2F 3-2: Ground out 5-3 (Groundball, 5L, EV 106.9 MPH) |
Bottom of the 14th over - 1 run, 3 hits, 0 errors, 3 left on base; Florida State University 2 - Louisiana State University 2 |
TOP OF THE 15TH | |
---|---|
Florida State University Seminoles batting - Pitching for Louisiana State University Tigers : RHP Jeremy Kolb | |
Pitching: RHP Brian Hilbert | |
Batting: RHB J.R. Harvey |
0-0: Called Strike 0-1: Foul Ball, location: 2F 0-2: Ground out 4-3 (Groundball, 34, EV 105.6 MPH) |
Batting: LHB Brian Clayton |
0-0: Swinging Strike 0-1: Swinging Strike 0-2: Ball 1-2: Strikes out swinging |
Batting: RHB Randy Bartlett |
0-0: Called Strike 0-1: Called Strike 0-2: Ball 1-2: Ball 2-2: Strikes out swinging |
Top of the 15th over - 0 runs, 0 hits, 0 errors, 0 left on base; Florida State University 2 - Louisiana State University 2 |
BOTTOM OF THE 15TH | |
---|---|
Louisiana State University Tigers batting - Pitching for Florida State University Seminoles : RHP Jason Harper | |
Pitching: LHP Angel Villatoro | |
Batting: RHB Matt Grant |
0-0: Foul Ball, location: 2F 0-1: Ball 1-1: Foul Ball, location: 2F 1-2: Foul Ball, location: 2F 1-2: Ball 2-2: Ball 3-2: Base on Balls |
Batting: RHB Elvin Ruffolo |
0-0: Bunt missed! 0-1: Ball 1-1: Bunt missed! 1-2: SINGLE (Groundball, 25, EV 66.2 MPH) (infield hit) Matt Grant to second |
Batting: LHB Earl Silver |
0-0: Ball 1-0: Swinging Strike 1-1: Foul Ball, location: 2F 1-2: Foul Ball, location: 2F 1-2: Strikes out swinging |
Batting: SHB Paul Blaylock |
0-0: Foul Ball, location: 2F 0-1: Ball 1-1: Foul Ball, location: 2F 1-2: Ball 2-2: Foul Ball, location: 2F 2-2: Ball 3-2: Foul Ball, location: 2F 3-2: Fly out, F3 (Line Drive, 3, EV 62.5 MPH) Lined into DP, U3 (Line Drive, 3, EV 66.2 MPH) |
Bottom of the 15th over - 0 runs, 1 hit, 0 errors, 1 left on base; Florida State University 2 - Louisiana State University 2 |
TOP OF THE 16TH | |
---|---|
Florida State University Seminoles batting - Pitching for Louisiana State University Tigers : RHP Brian Hilbert | |
Pitching: LHP Clyde Fisher | |
Batting: RHB Tyan-yu Chen |
0-0: Called Strike 0-1: Called Strike 0-2: Ground out 6-3 (Groundball, 6, EV 103.8 MPH) |
Batting: LHB John Doiron |
0-0: Ball 1-0: Ball 2-0: Called Strike 2-1: Foul Ball, location: 2F 2-2: Strikes out swinging |
Batting: LHB Kuang-an Liu |
0-0: Called Strike 0-1: Ball 1-1: Ball 2-1: Called Strike 2-2: Ball 3-2: Foul Ball, location: 2F 3-2: Foul Ball, location: 2F 3-2: Ground out 3-1 (Groundball, 34S, EV 89.4 MPH) |
Top of the 16th over - 0 runs, 0 hits, 0 errors, 0 left on base; Florida State University 2 - Louisiana State University 2 |
BOTTOM OF THE 16TH | |
---|---|
Louisiana State University Tigers batting - Pitching for Florida State University Seminoles : LHP Angel Villatoro | |
Pitching: RHP Barrett Bishop | |
Batting: RHB Byung-hee Jee |
0-0: Ball 1-0: Fly out, F8 (Line Drive, 78D, EV 88.1 MPH) |
Batting: RHB Hyeong-ro Koo |
0-0: Ball 1-0: Ball 2-0: Ground out 4-3 (Groundball, 4, EV 105.0 MPH) |
Batting: SHB Graham Beamish |
0-0: Foul Ball, location: 2F 0-1: Ball 1-1: Ball 2-1: Swinging Strike 2-2: Ball 3-2: Foul Ball, location: 2F 3-2: Foul Ball, location: 2F 3-2: Strikes out swinging |
Bottom of the 16th over - 0 runs, 0 hits, 0 errors, 0 left on base; Florida State University 2 - Louisiana State University 2 |
TOP OF THE 17TH | |
---|---|
Florida State University Seminoles batting - Pitching for Louisiana State University Tigers : LHP Clyde Fisher | |
Pitching: RHP Michael Koppers | |
Batting: RHB Jorge Grijalva |
0-0: Called Strike 0-1: Foul Ball, location: 2F 0-2: Strikes out swinging |
Batting: LHB Matt Stewart |
0-0: Ball 1-0: Ball 2-0: Ball 3-0: Base on Balls |
Batting: RHB Tony Valdez |
0-0: Ball 1-0: Foul Ball, location: 2F 1-1: Ball 2-1: Foul Ball, location: 2F 2-2: Ball 3-2: Strikes out swinging |
Batting: RHB J.R. Harvey |
0-0: Called Strike Matt Stewart steals 2nd base 0-1: Ball 1-1: Ball 2-1: Ball 3-1: Foul Ball, location: 2F 3-2: Foul Ball, location: 2F 3-2: Strikes out swinging |
Top of the 17th over - 0 runs, 0 hits, 0 errors, 1 left on base; Florida State University 2 - Louisiana State University 2 |
BOTTOM OF THE 17TH | |
---|---|
Louisiana State University Tigers batting - Pitching for Florida State University Seminoles : RHP Barrett Bishop | |
Pitching: RHP John Scott | |
Batting: RHB Mike Catalano |
0-0: Ball 1-0: Ball 2-0: Ball 3-0: Called Strike 3-1: Base on Balls |
Batting: RHB Jamie McLean |
0-0: Ball Mike Catalano steals 2nd base 1-0: Ball 2-0: Called Strike 2-1: Ball 3-1: Base on Balls |
Batting: RHB Matt Grant |
0-0: Called Strike 0-1: Ball 1-1: Bunted foul 1-2: 3-RUN HOME RUN (Flyball, 7LD, EV 95.6 MPH), Distance : 358 ft |
Bottom of the 17th over - 3 runs, 1 hit, 0 errors, 0 left on base; Florida State University 2 - Louisiana State University 5 |
Sunday, July 16th , 2023 - OOTP Baseball 24.6 Build 69 |